Cogmind - Beta 15 @@@ ROGUE MODE // 2025.05.18 @ 01:35:42 Player: H0-R5E Result: Self-destructed Performance ------------- Evolutions (3) 1500 Regions Visited (6) 1200 Robots Destroyed (167) 835 Value Destroyed (5181) 5181 Prototype IDs (12) 240 Alien Tech Used (0) 0 Bonus (383) 383 TOTAL SCORE: 9339 Bonus ------- High Alert Combat Kills 383 Cogmind --------- Core Integrity 218/700 Matter 254/300 Energy 490/490 System Corruption 2% Temperature Cool (21) Movement Core (750) Ox14 Location -7/Lower Caves Parts ------- > --- POWER (1) -------- Reinforced Deuterium Engine > --- PROPULSION (2) --- (None) > --- UTILITY (8) ------ Improved Cooling System Medium Storage Unit Compact Battery Seismic Detector Layered Medium Armor Plating > --- WEAPON (2) ------- Gatling Laser Mini Assault Cannon > --- INVENTORY (10) --- Aluminum Leg High-capacity Storage Unit High-powered Tractor Beam Trap Extractor (0/4) Beamcaster Shock Bomb Launcher Peak State ------------ > --- POWER ------------ Heavy Deuterium Engine > --- PROPULSION ------- Advanced Treads Advanced Treads > --- UTILITY ---------- Cooling System Medium Storage Unit IFF Parser Improved Targeting Computer Hardlight Generator Hacking Suite Hacking Suite System Shield > --- WEAPON ----------- Heavy Ion Cannon Mini Assault Cannon > --- INVENTORY -------- Improved Deuterium Engine Carbon-fiber Leg Seismic Detector Transmission Jammer Improved Light Armor Plating Reflective Plating High-powered Tractor Beam Trap Extractor Gatling Laser Shock Bomb Launcher [Rating: 45] Favorites ----------- Power Ion Engine Engine Ion Engine Power Core Light Nuclear Core Propulsion Aluminum Leg Treads Light Treads Leg Aluminum Leg Utility Medium Storage Unit Device Structural Scanner Storage Medium Storage Unit Processor Targeting Computer Hackware Hacking Suite Protection Improved Light Armor Plating Weapon Assault Rifle Energy Gun Gatling Laser Energy Cannon Advanced Beam Cannon Ballistic Gun Assault Rifle Ballistic Cannon Mini Assault Cannon Launcher Rocket Launcher Special Weapon Plasma Cutter Slashing Weapon Mining Claw Build | -11 -10 -9 -8 -7 -7 -7 ------- Run | Yrd Mat Mat Mat Fac Low Low Slots Evolved 6 | . . 2 2 2 . . Power . | . . . . . . . Propulsion . | . . . . . . . Utility 6 | . . 2 2 2 . . Weapon . | . . . . . . . Parts Attached 100 | 8 14 26 23 16 11 2 Power 9 | 1 1 2 2 2 1 . Engine 7 | 1 . 2 1 2 1 . Core 2 | . 1 . 1 . . . Reactor . | . . . . . . . Propulsion 25 | 2 6 5 5 4 2 1 Treads 9 | . . . 3 4 1 1 Leg 16 | 2 6 5 2 . 1 . Wheel . | . . . . . . . Hover . | . . . . . . . Flight . | . . . . . . . Utility 38 | 2 4 10 8 6 7 1 Device 13 | . 2 4 . 2 4 1 Storage 6 | 2 1 1 . 1 1 . Processor 7 | . . 2 4 . 1 . Hackware 4 | . . 1 1 2 . . Protection 8 | . 1 2 3 1 1 . Artifact . | . . . . . . . Weapon 28 | 3 3 9 8 4 1 . Energy Gun 5 | 1 . . 2 1 1 . Energy Cannon 4 | . . 1 1 2 . . Ballistic Gun 8 | 2 2 3 1 . . . Ballistic Cannon 2 | . . . 1 1 . . Launcher 6 | . 1 2 3 . . . Special Weapon 1 | . . 1 . . . . Impact Weapon . | . . . . . . . Slashing Weapon 2 | . . 2 . . . . Piercing Weapon . | . . . . . . . Special Melee Weapon . | . . . . . . . Unidentified Prototypes 6 | . . 2 2 2 . . Parts Lost 41 | . 2 7 8 4 14 6 Power 4 | . . 1 1 . 2 . Propulsion 11 | . . 3 2 1 2 3 Utility 18 | . 1 2 2 1 9 3 Weapon 8 | . 1 1 3 2 1 . Highest Loss Streak 12 | . 1 3 4 2 12 4 To Critical Strikes . | . . . . . . . Average Backups 8 | 1 6 9 9 9 7 7 Power . | . . . . . . . Propulsion . | . . . . . 1 1 Utility 4 | . 3 4 5 6 4 3 Weapon 2 | . 2 3 2 1 1 2 Tool/Special . | . . . . . . . Unused Backups 13 | . 1 3 5 . . 4 Power 3 | . 1 . 2 . . . Propulsion . | . . . . . . . Utility 4 | . . . 1 . . 3 Weapon 6 | . . 3 2 . . 1 Tool/Special . | . . . . . . . Average Slot Usage (%) 95 | . 99 97 97 96 85 89 Engine 8 | . 10 10 7 6 6 7 Treads 5 | . . . 9 13 7 3 Leg 12 | . 28 20 8 1 4 11 Device 10 | . 11 11 5 8 18 21 Storage 10 | . 15 11 9 7 8 15 Processor 13 | . . 14 22 13 5 6 Hackware 7 | . . 2 10 16 11 . Protection 5 | . . 3 5 11 6 7 Energy Gun 1 | . 1 . 2 . 1 7 Energy Cannon 3 | . . 3 4 5 3 . Ballistic Gun 7 | . 21 13 2 1 . . Ballistic Cannon 3 | . . . 5 5 7 7 Launcher 2 | . 4 3 2 . . . Peak Build Rating 45 | 7 10 19 31 45 45 41 Average Rating 24 | 5 8 14 25 37 37 40 On Entrance 21 | . 7 8 19 31 45 41 Naked Turns . | . . . . . . . Heaviest Build 50 | 18 22 26 35 46 50 50 Greatest Support 48 | 20 20 29 40 44 44 48 Greatest Overweight (x) 12 | . 1 1 2 2 12 4 Average Overweight (x) . | . . . . . . 1 Largest Inventory Capacity 10 | 8 10 10 10 10 10 10 Average Capacity 9 | 7 8 10 10 10 10 10 Most Carried 10 | 5 9 10 10 10 10 8 Average Carried 8 | 1 6 9 9 9 7 7 Final Capacity 10 | 8 10 10 10 10 10 10 Final Carried 10 | 5 6 10 10 10 8 6 Class Distribution -------------------- 58% | Scavenger-Mutant 23% | Mutant 17% | Hacker-Mutant Dominant Class ---------------- Mutant | -10/Materials Scavenger-Mutant | -9/Materials Scavenger-Mutant | -8/Materials Scavenger-Mutant | -7/Factory Hacker-Mutant | -7/Lower Caves Mutant | -7/Lower Caves Resources | -11 -10 -9 -8 -7 -7 -7 ----------- Run | Yrd Mat Mat Mat Fac Low Low Matter Collected 3866 | 306 605 1067 1127 343 418 . Remotely . | . . . . . . . Salvage Created 5966 | 130 873 1700 2268 631 364 . Parts 315 | 10 64 100 95 26 20 . Haulers Intercepted 9 | . . 4 5 . . . Recyclers Shooed 8 | . 3 2 3 . . . Parts Field Recycled . | . . . . . . . Retrieved Matter . | . . . . . . . Parts Self-Destructed 22 | . . . . . 22 . Prevented . | . . . . . . . Kills | -11 -10 -9 -8 -7 -7 -7 ------- Run | Yrd Mat Mat Mat Fac Low Low Combat Hostiles Destroyed 122 | . 16 37 39 17 13 . Guns 37 | . 11 12 8 2 4 . Cannons 51 | . . 7 21 14 9 . AOE 32 | . 5 18 8 1 . . Classes Destroyed 16 | 2 4 5 2 2 1 . Worker 6 | . 3 2 1 . . . Builder 7 | . 2 2 3 . . . Tunneler 4 | 2 2 . . . . . Hauler 9 | . . 4 5 . . . Recycler 9 | 1 1 3 4 . . . Operator 5 | . . 4 1 . . . Watcher 5 | . 2 2 1 . . . Swarmer 24 | . . 7 4 5 8 . Grunt 67 | . 16 20 24 6 1 . Brawler 2 | . . . 1 1 . . Duelist 5 | . . 1 2 . 2 . Protector 1 | . . . 1 . . . Sentry 19 | . . 9 7 2 1 . Hunter 1 | . . . . 1 . . Programmer 2 | . . . . 2 . . Behemoth 1 | . . . . . 1 . Best Kill Streak 15 | 2 5 15 6 3 4 . Combat Bots Only 11 | . 4 11 5 3 4 . Max Kills in Single Turn 3 | 1 2 3 2 1 1 . Gunslinging . | . . . . . . . Exploded 3 | . 2 3 2 1 . . Melee . | . . . . . . . Uniques/NPCs Destroyed . | . . . . . . . Combat | -11 -10 -9 -8 -7 -7 -7 -------- Run | Yrd Mat Mat Mat Fac Low Low Hostile Shots Fired 641 | . 74 125 163 111 106 62 Missed 211 | . 24 41 58 43 30 15 Hits 430 | . 50 84 105 68 76 47 Melee 4 | . . . 2 . 2 . Projectile 426 | . 50 84 103 68 74 47 Critical Strikes 11 | . 2 4 2 . 3 . Damage Taken 6330 | . 643 1161 1653 568 1486 819 Core 1007 | . 101 180 244 16 297 169 Absorbed by Shields 344 | . . . . 108 156 80 Ignored by Resistances 47 | . . . 8 25 14 . Regen/Repaired (Parts) 117 | . . 117 . . . . Core Remaining (%) 67 | 100 59 55 55 . . . Volleys Fired 419 | 7 75 105 143 39 44 6 Largest 2 | 2 2 2 2 2 2 1 Hottest 120 | 40 60 98 115 120 120 40 Shots Fired 714 | 12 133 187 220 75 81 6 Gun 316 | 12 123 119 40 12 10 . Cannon 325 | . . 35 150 63 71 6 Launcher 67 | . 10 29 28 . . . Special 6 | . . 4 2 . . . Kinetic 431 | 12 109 119 104 37 44 6 Thermal 176 | . . 39 64 36 37 . Explosive 40 | . 10 29 1 . . . Electromagnetic 67 | . 14 . 51 2 . . Robot Hit Streak 20 | 4 12 20 11 8 9 . Robot Miss Streak 6 | 2 3 3 3 2 6 . Penetration Max 1 | . . . 1 . . . Secondary Targets 4 | . 4 . . . . . Max Gunslinging Chain 1 | . 1 . . . . . Shots Hit Robots 463 | 7 83 132 143 42 56 . Core Hits 268 | 5 41 87 83 27 25 . Critical Kills 1 | . . . 1 . . . Critical Parts Destroyed . | . . . . . . . Critical Strikes 18 | . . 1 10 4 3 . Meltdown 1 | . . . 1 . . . Destroy 1 | . . 1 . . . . Blast 16 | . . . 9 4 3 . Melee Attacks 2 | . . 2 . . . . Impact . | . . . . . . . Slashing 2 | . . 2 . . . . Piercing . | . . . . . . . Sneak Attacks 1 | . . 1 . . . . Combat Hostiles . | . . . . . . . Follow-up Attacks . | . . . . . . . Damage Inflicted 12760 | 69 1564 3448 4926 1245 1508 . Guns 3202 | 69 1085 1164 541 162 181 . Cannons 5582 | . . 562 2781 912 1327 . Explosions 3817 | . 479 1619 1548 171 . . Melee 50 | . . 50 . . . . Ramming 55 | . . 11 44 . . . Kinetic 5462 | 69 946 1164 2036 490 757 . Thermal 3116 | . 75 604 963 723 751 . Explosive 2201 | . 404 1619 178 . . . Electromagnetic 1876 | . 139 . 1705 32 . . Impact . | . . . . . . . Slashing 50 | . . 50 . . . . Piercing . | . . . . . . . Highest Corruption 2 | . . . 2 . . 2 Average Corruption 2 | . . . 2 . . 2 Corruption Purged . | . . . . . . . Corruption Blocked . | . . . . . . . Effects 21 | . . . 21 . . . Message Errors 3 | . . . 3 . . . Matter Fused 5 | . . . 5 . . . Heat Flow Errors 1 | . . . 1 . . . Energy Discharges 1 | . . . 1 . . . Parts Rejected 2 | . . . 2 . . . Data Loss (minor) 3 | . . . 3 . . . Data Loss (major) 2 | . . . 2 . . . Misfires 1 | . . . 1 . . . Alerts 2 | . . . 2 . . . Weapon Failures 1 | . . . 1 . . . Overload Shots . | . . . . . . . Overflow Damage 175 | . 3 38 54 64 16 . Projectiles 77 | . . 16 36 9 16 . Explosions 98 | . 3 22 18 55 . . Melee . | . . . . . . . Knockbacks 11 | . . . 7 1 3 . Impact . | . . . . . . . Kinetic 11 | . . . 7 1 3 . Secondary . | . . . . . . . Self-Inflicted Damage 117 | . 32 53 32 . . . Shots 7 | . 2 4 1 . . . Rammed . | . . . . . . . Targets Rammed 5 | . . 1 4 . . . Kicked 5 | . . 1 4 . . . Crushed . | . . . . . . . Highest Temperature 407 | . 156 144 314 407 244 . Average Temperature 72 | . 79 28 75 99 124 . Received Heat Transfer 1991 | . 375 477 765 100 212 62 Effects 1 | . . . . 1 . . Short Circuit 1 | . . . . 1 . . Siege Activations . | . . . . . . . Martial Activations . | . . . . . . . Shielding Activations . | . . . . . . . Robots Disrupted . | . . . . . . . Combat Hostiles . | . . . . . . . Robots Corrupted 1 | . . . 1 . . . Combat Hostiles 1 | . . . 1 . . . Parts Fried 7 | . . . 7 . . . Impact Corruptions . | . . . . . . . Robots Melted 1 | . . . 1 . . . Combat Hostiles 1 | . . . 1 . . . Parts Melted 8 | . . 1 4 2 1 . Heat Transferred 5051 | . 50 1110 1591 1160 1140 . Parts Sabotaged . | . . . . . . . Parts Stolen . | . . . . . . . Parts Stripped . | . . . . . . . Power Chain Reactions 4 | . 1 . 3 . . . Alert | -11 -10 -9 -8 -7 -7 -7 ------- Run | Yrd Mat Mat Mat Fac Low Low Maximum Alert Level 3 | . 1 3 2 1 . . Low Security (%) 34 | 100 97 5 2 80 . . Level 1 28 | . 2 38 35 19 . . Level 2 30 | . . 37 62 . . . Level 3 6 | . . 18 . . . . Level 4 . | . . . . . . . Level 5 . | . . . . . . . High Security . | . . . . . . . Max Security . | . . . . . . . Peak Influence 799 | 10 209 799 593 325 . . Initial 329 | . . 85 329 219 . . Average 320 | 1 108 447 421 137 . . Influence Increases 4191 | 15 581 1398 1273 619 305 . Destroy 0b10 Robot/C 2420 | . 320 740 760 340 260 . Destroy 0b10 Robot/NC 230 | 15 50 85 80 . . . Destroy Leader 578 | . 74 222 182 70 30 . Successful Hack 212 | . 64 21 50 77 . . Select Force Hacks 90 | . . 60 30 . . . Disable Machine 225 | . 30 90 60 45 . . Destroy Structure 301 | . 43 165 66 27 . . Lose Combat Pursuer 135 | . . 15 45 60 15 . Influence Decreases 4191 | 15 378 820 1571 785 520 102 Entered New Map 974 | . . 118 452 264 119 21 Time Decay 2471 | 15 358 632 589 481 316 80 Lost Part 276 | . 20 70 80 40 65 1 Lost Ally 20 | . . . . . 20 . Purge Threat 450 | . . . 450 . . . Squads Dispatched 23 | . 4 8 7 4 . . Investigation 12 | . 3 3 4 2 . . Extermination 2 | . . . . 2 . . Reinforcement 7 | . 1 4 2 . . . Assault 2 | . . 1 1 . . . Garrison . | . . . . . . . Intercept . | . . . . . . . Searches Triggered . | . . . . . . . Construction Impeded 1 | . . 1 . . . . Haulers Reinforced . | . . . . . . . Active Scanning Responses . | . . . . . . . Cargo Convoy Interrupts . | . . . . . . . Stealth | -11 -10 -9 -8 -7 -7 -7 --------- Run | Yrd Mat Mat Mat Fac Low Low Distress Signals 8 | . . 5 3 . . . Communications Jammed . | . . . . . . . Distress Signals . | . . . . . . . Times Spotted 193 | . 22 65 68 20 13 5 Peak Tracking Total 7 | . 3 7 6 3 5 5 Tactical Retreats 7 | . . 1 3 2 1 . Traps | -11 -10 -9 -8 -7 -7 -7 ------- Run | Yrd Mat Mat Mat Fac Low Low Traps Triggered 4 | . . 1 3 . . . Indirectly . | . . . . . . . Trap Hack Attempts . | . . . . . . . Triggered . | . . . . . . . Disarmed . | . . . . . . . Reprogrammed . | . . . . . . . Reused . | . . . . . . . Traps Extracted . | . . . . . . . Installed . | . . . . . . . Triggered . | . . . . . . . Machines | -11 -10 -9 -8 -7 -7 -7 ---------- Run | Yrd Mat Mat Mat Fac Low Low Machines Disabled 15 | . 2 6 4 3 . . Max in Single Turn 3 | . 1 1 1 3 . . Garrison Access 1 | . . . 1 . . . Machines Repaired . | . . . . . . . Machines Dismantled . | . . . . . . . Machines Sabotaged . | . . . . . . . Overloaded Fab Kills . | . . . . . . . Hacking | -11 -10 -9 -8 -7 -7 -7 --------- Run | Yrd Mat Mat Mat Fac Low Low Machines Accessed 35 | . 7 11 11 6 . . Terminals 23 | . 6 6 8 3 . . Fabricators 1 | . . . . 1 . . Repair Stations 2 | . . 2 . . . . Recycling Units 4 | . 1 1 1 1 . . Scanalyzers 4 | . . 2 1 1 . . Garrison Access 1 | . . . 1 . . . Total Hacks 142 | . 29 45 43 25 . . Successful 84 | . 15 32 24 13 . . Failed 57 | . 14 13 18 12 . . Catastrophic 6 | . 2 1 2 1 . . Database Lockouts 1 | . . . 1 . . . Manual 75 | . 24 18 23 10 . . Terminals 87 | . 25 19 33 10 . . Fabricators 4 | . . . . 4 . . Repair Stations 4 | . . 4 . . . . Recycling Units 17 | . 4 7 2 4 . . Scanalyzers 27 | . . 15 5 7 . . Garrison Access 3 | . . . 3 . . . Terminal Hacks 31 | . 10 5 14 2 . . Record 1 | . . 1 . . . . Robot Schematic 2 | . 2 . . . . . Robot Analysis 8 | . 4 1 3 . . . Prototype ID Bank 3 | . 1 1 1 . . . Level Access Points 1 | . . . 1 . . . Branch Access Points 3 | . . . 2 1 . . Emergency Access Points 1 | . . . 1 . . . Terminal Index 4 | . 2 . 1 1 . . Repair Station Index 1 | . . 1 . . . . Alert Level 1 | . . . 1 . . . Unreport Threat 3 | . . . 3 . . . Locate Traps 3 | . 1 1 1 . . . Fabricator Hacks . | . . . . . . . Repair Station Hacks 4 | . . 4 . . . . Scan Component 2 | . . 2 . . . . Repair 2 | . . 2 . . . . Recycling Unit Hacks 2 | . . 1 . 1 . . Retrieve Components 2 | . . 1 . 1 . . Scanalyzer 22 | . . 13 4 5 . . Insert Component 12 | . . 7 2 3 . . Analyze 10 | . . 6 2 2 . . Garrison Access Hacks 1 | . . . 1 . . . Seal Access 1 | . . . 1 . . . Unauthorized Hacks 24 | . 5 9 5 5 . . Terminals 13 | . 4 5 3 1 . . Assimilate 1 | . . 1 . . . . Botnet 10 | . 3 3 3 1 . . Operators 2 | . 1 1 . . . . Fabricators 2 | . . . . 2 . . Liberate 1 | . . . . 1 . . Haulers 1 | . . . . 1 . . Repair Stations . | . . . . . . . Recycling Units 6 | . 1 2 1 2 . . Reject 4 | . 1 1 1 1 . . Recyclers 2 | . . 1 . 1 . . Scanalyzers 3 | . . 2 1 . . . Extract 3 | . . 2 1 . . . Garrison Access . | . . . . . . . Data Cores Recovered . | . . . . . . . Used . | . . . . . . . Hacking Detections 33 | . 7 9 11 6 . . Full Trace Events 10 | . 4 1 3 2 . . Feedback Events . | . . . . . . . Feedback Blocked . | . . . . . . . Robot Schematics Acquired 2 | . 2 . . . . . Robots Built . | . . . . . . . Authchips . | . . . . . . . Time . | . . . . . . . Total Robot Build Rating . | . . . . . . . Part Schematics Acquired 25 | . . 15 8 2 . . Parts Built . | . . . . . . . Authchips . | . . . . . . . Time . | . . . . . . . Total Part Build Rating . | . . . . . . . Parts Repaired 2 | . . 2 . . . . Time 58 | . . 58 . . . . Parts Recycled . | . . . . . . . Recycled Matter . | . . . . . . . Retrieved Matter . | . . . . . . . Retrieved Components 13 | . . 10 . 3 . . Parts Scanalyzed 11 | . . 6 2 3 . . Part Schematics Acquired 10 | . . 6 2 2 . . Parts Damaged . | . . . . . . . Bothacking | -11 -10 -9 -8 -7 -7 -7 ------------ Run | Yrd Mat Mat Mat Fac Low Low Used RIF Installer . | . . . . . . . Robots Hacked . | . . . . . . . Non-combat . | . . . . . . . Combat . | . . . . . . . Robot Hacks Applied . | . . . . . . . Relay Couplers Released . | . . . . . . . Fabnet Peak Effective % . | . . . . . . . Robots Rewired 1 | . . . . . 1 . Allies Hacked . | . . . . . . . Hacks Repelled . | . . . . . . . Allies | -11 -10 -9 -8 -7 -7 -7 -------- Run | Yrd Mat Mat Mat Fac Low Low Total Allies 1 | . . . . . 1 . Largest Group 1 | . . . . . 1 . Highest-Rated Group 16 | . . . . . 16 . Highest-Rated Ally 16 | . . . . . 16 . Total Orders . | . . . . . . . Ally Attacks 1 | . . . . . 1 . Total Damage 19 | . . . . . 19 . Kills . | . . . . . . . Allies Corrupted . | . . . . . . . Allies Melted . | . . . . . . . Intel | -11 -10 -9 -8 -7 -7 -7 ------- Run | Yrd Mat Mat Mat Fac Low Low Active Infowar (turns) 4129 | . 696 1392 1376 13 416 236 Optics 481 | . . . . . 252 229 IFF 144 | . . . . 13 131 . Terrain 660 | . . 660 . . . . Structural 2156 | . 228 1157 771 . . . Seismic 496 | . 468 . . . . 28 T.N.C. 605 | . . . 605 . . . Jamming 33 | . . . . . 33 . Robot Analysis Total 8 | . 4 1 3 . . . Derelict Logs Recovered 1 | . . . . . 1 . Drone Launches . | . . . . . . . Drone Recoveries . | . . . . . . . Exploration | -11 -10 -9 -8 -7 -7 -7 ------------- Run | Yrd Mat Mat Mat Fac Low Low Turns Passed 7660 | 110 841 2209 1854 1389 1021 236 Spaces Moved 3753 | 61 480 1135 886 631 451 109 Core 23 | 2 . . . . 21 . Treads 1269 | . . . 414 555 284 16 Legs 2461 | 59 480 1135 472 76 146 93 Wheels . | . . . . . . . Hover . | . . . . . . . Flight . | . . . . . . . Fastest Speed 50 | 50 120 120 120 120 145 190 Average Speed 159 | 117 120 150 151 193 186 201 Slowest Speed 650 | 120 190 190 260 260 650 400 Overloaded Moves . | . . . . . . . Propulsion Burnouts . | . . . . . . . Robots Hopped . | . . . . . . . Potential Cave-ins 3 | . . . . . . 3 Cave-ins Triggered 1 | . . . . . . 1 Exploration Rate (%) 51 | 4 79 90 79 15 70 23 Regions Visited 6 Branch Regions 2 Pre-discovered Areas . | . . . . . . . Known Exits Taken 2 | . . . 1 1 . . Unknown Exits Taken 4 | 1 1 1 . . 1 . Scrap Searched 3 | . . . . . 2 1 Spaces Dug 38 | . 11 14 10 . . 3 Terrain Destroyed 372 | . 53 196 69 40 10 4 Melee . | . . . . . . . Projectile 59 | . . . 42 3 10 4 AOE 313 | . 53 196 27 37 . . Terrain Rammed . | . . . . . . . Walls Destroyed . | . . . . . . . Machines Disabled . | . . . . . . . Actions | -11 -10 -9 -8 -7 -7 -7 --------- Run | Yrd Mat Mat Mat Fac Low Low Total 4699 | 84 609 1439 1176 730 542 119 Wait 235 | 3 16 106 61 28 20 1 Move 3747 | 60 479 1134 885 630 450 109 Hop . | . . . . . . . Pick Up 63 | 6 7 22 21 4 3 . Fast Attach 34 | 6 . 5 7 7 9 . Attach 31 | 1 3 8 8 3 6 2 Detach 8 | . . 1 3 2 2 . Swap 91 | 1 17 35 26 8 3 1 Drop 56 | . 12 18 17 9 . . Fire 419 | 7 75 105 143 39 44 6 Melee 2 | . . 2 . . . . Ram . | . . . . . . . Kick 5 | . . 1 4 . . . Crush . | . . . . . . . Escape Stasis . | . . . . . . . Rewire 5 | . . . . . 5 . Trap . | . . . . . . . Miscellaneous 3 | . . 2 1 . . . Route ------- -11/Scrapyard -10/Materials (discovered 4 exits: *Mat x2 / [*Min x2]) -9/Materials (discovered 5 exits: *Mat x3 / [*Min] / [*Sto]) -8/Materials (discovered 3 exits: *Fac x3) -7/Factory (discovered 2 exits: *Low x2) -7/Lower Caves -7/Lower Caves History --------- Turn | Location | Event 5 | -11/Scrapyard | Discovered new exit (range 15) 111 | -11/Scrapyard | Entered Materials 311 | -10/Materials | Build established: Mutant 320 | -10/Materials | Discovered new exit (range 15) 435 | -10/Materials | Discovered new exit (range 13) 530 | -10/Materials | Discovered new exit (range 5) 889 | -10/Materials | Discovered new exit (range 16) 911 | -10/Materials | Derelicts attacked the area 952 | -10/Materials | Entered another Materials area 952 | -9/Materials | Evolved 2 slots: Utility x2 1118 | -9/Materials | Destroyed 11 combat bots 1269 | -9/Materials | Lost 3 parts (2n1w) 1327 | -9/Materials | Repaired Aluminum Leg 1386 | -9/Materials | Build established: Scavenger-Mutant 1686 | -9/Materials | Repaired Imp. Aluminum Leg 1706 | -9/Materials | Discovered new exit (range 16) 1884 | -9/Materials | Discovered new exit (range 7) 2306 | -9/Materials | Discovered new exit (range 4) 2444 | -9/Materials | Discovered new exit (range 16) 2614 | -9/Materials | Discovered new exit (range 5) 2952 | -9/Materials | First assault squad dispatched 3161 | -9/Materials | Entered another Materials area 3161 | -8/Materials | Evolved 2 slots: Utility x2 3718 | -8/Materials | Discovered new exit (range 3) 3823 | -8/Materials | Identified exit to Factory 3942 | -8/Materials | Central database locked down 3961 | -8/Materials | First assault squad dispatched 4230 | -8/Materials | Discovered exit to Factory (range 16) 4442 | -8/Materials | Lost 4 parts (2n1u1w) 5015 | -8/Materials | Entered Factory 5015 | -7/Factory | Evolved 2 slots: Utility x2 5034 | -7/Factory | Build established: Hacker-Mutant 5420 | -7/Factory | Build established: Scavenger-Mutant 6261 | -7/Factory | Build established: Hacker-Mutant 6306 | -7/Factory | Identified exit to Lower Caves 6404 | -7/Factory | Entered Lower Caves 6484 | -7/Lower Caves | Attracted the attention of an 0b10 outpost 6883 | -7/Lower Caves | Spotted B-75 Beast 6943 | -7/Lower Caves | Destroyed B-75 Beast 6973 | -7/Lower Caves | Lost 12 parts (2p2n7u1w) 7237 | -7/Lower Caves | Discovered new exit (range 17) 7250 | -7/Lower Caves | Build established: Mutant 7372 | -7/Lower Caves | Learned location of 1 exit from Factory 7425 | -7/Lower Caves | Entered another Lower Caves area 7487 | -7/Lower Caves | Encountered a Warlord checkpoint 7591 | -7/Lower Caves | Spotted B-75 Beast 7652 | -7/Lower Caves | Core integrity fell below 50% 7654 | -7/Lower Caves | Crushed by falling debris 7661 | -7/Lower Caves | Self-destructed Last Messages --------------- Data stored: Factory exits (x1). 07402_ Searching scrap... 07402_ Found Power Shielding. 07402_ Found 31 Matter. LOCATION=UNKNOWN GOAL=ESCAPE 07462_ Searching scrap... 07462_ Found 47 Matter. 07462_ Found 61 Matter. 07487_ WS-XBK(M): "WARLORD FOREVER!" 07598_ Carbon-fiber Leg destroyed. 07598_ Recoil Stabilizer destroyed. 07654_ The unstable cave ceiling collapses. 07654_ Crushed by falling debris. 07654_ Hardlight Generator destroyed. 07654_ System corrupted by crushing effect (+1). 07654_ Adv. Visual Processing Unit destroyed. 07654_ System corrupted by crushing effect (+1). 07655_ Lgt. Treads destroyed. 07661_ Med. Treads destroyed. Map ----- +----------------------------------------------------+ | ?????????????????????????????????????????????????? | | ?????????????????????????????????????????????????? | | ?????????????????????????????????????????????????? | | ?????????????????????????????????????????????????? | | ?????????????????????????????????????????????????? | | ?????????????????????????????????????????????????? | | ?????????????????????????????????????????????????? | | ?????????????????????????????????????????????????? | | ????????????????????????????????########?????????? | | ????????????????????????????????# #?????####? | | ?????????????????????????????#### #?##### ## | | ????????????????????????????## # ### # | | ????????????????????????????# $ ## # | | ??????????????????????????#### ## ## | | ???????????????????????#### BB # ### | | ??????????????????????## ## BB """ "# #### | | ??????????????????????# ;" %### | | ?????????????????????## ;# ##### | | ??????????????????????; #"" ##???# #### | | ??????????????????????# "#"" ##?#### #??# | | ?????????????????????## %% ##"# %#### ##### | | ?????????????????????# ;; ## ## | | ?????????????????????## ;;#####"# ### | | ??????????????????????##%; #?????# #?## | | ???????????????????????## #?????? #??# | | ???????????????????????##@#?????? #??# ### | | ????????????????????????##g ???? ##??# #??### # | | ??????????????????????????%b #??####???# #?????### | | ?????????????????????????? g #?????????##????????? | | ?????????????????????????? #??????????????????? | | ?????????????????????????? g#??????????????????? | | ?????????????????????????? ??????????????????? | | ??????????????????????????? ?????????????????? | | ??????????????????????????? ????????????????? | | ??????????????????????????? #???????????????? | | ??????????????????????????? ##???????????????? | | ??????????????????????????? ##????????????????? | | ???????????????????????????? ###?????????????????? | | ?????????????????????????????#???????????????????? | | ?????????????????????????????????????????????????? | | ?????????????????????????????????????????????????? | | ?????????????????????????????????????????????????? | | ?????????????????????????????????????????????????? | | ?????????????????????????????????????????????????? | | ?????????????????????????????????????????????????? | | ?????????????????????????????????????????????????? | | ?????????????????????????????????????????????????? | | ?????????????????????????????????????????????????? | | ?????????????????????????????????????????????????? | | ?????????????????????????????????????????????????? | +----------------------------------------------------+ Best States ------------- Heat Dissipation 61 Energy Generation 23 Energy Capacity 490 Matter Stores 300 Matter Capacity 300 Sight Range 20 Terrain Scan Range 16 Terrain Scan Density 10 Jamming Range 12 Additional Mass Support 6 Armor Coverage 300 Resistance: TH 10 Evasion (%) 55 Targeting Accuracy 12 Recoil Reduction 4 Offensive Hacking 30 Defensive Hacking 10 Item Schematics ----------------- Transport Network Coupler | -9/Materials | Scanalyzed Imp. Aluminum Leg | -9/Materials | Scanalyzed Terrain Scanner | -9/Materials | Extracted Imp. Ion Engine | -9/Materials | Extracted Particle Gun | -9/Materials | Extracted Imp. Targeting Computer | -9/Materials | Scanalyzed Plasma Cutter | -9/Materials | Scanalyzed EMP Blaster | -9/Materials | Scanalyzed Structural Scanner | -9/Materials | Scanalyzed Imp. Medium Laser | -9/Materials | Extracted EM Shotgun | -9/Materials | Extracted Sensor Array | -9/Materials | Extracted Huge Storage Unit | -9/Materials | Extracted Com. Wheel | -9/Materials | Extracted EM Pulse Gun | -9/Materials | Extracted Shock Bomb Launcher | -8/Materials | Scanalyzed Imp. Light Armor Plating | -8/Materials | Scanalyzed EM Pulse Cannon | -8/Materials | Extracted Imp. Heat Sink | -8/Materials | Extracted Com. Matter Pod | -8/Materials | Extracted Med. Storage Unit | -8/Materials | Extracted Assault Cannon | -8/Materials | Extracted Hcp. Storage Unit | -8/Materials | Extracted Carbon-fiber Leg | -7/Factory | Scanalyzed Hpw. Tractor Beam | -7/Factory | Scanalyzed Robot Schematics ------------------ M-13 Machinist | -10/Materials | Hacked G-34 Mercenary | -10/Materials | Hacked Fabricated ------------ Nothing Repaired ---------- Aluminum Leg | 37% | -9/Materials Imp. Aluminum Leg | 39% | -9/Materials Alien Tech Used ----------------- None Achievements -------------- None Challenges ------------ None Game ------ Seed DerelictZioniteLance Manual? 0 Play Time 01:22:46 Cumulative 1160.6 hours Start 2025.05.16 @ 12:28:25 End 2025.05.18 @ 01:35:42 Sessions 5 Manual Loads 0 Difficulty Rogue Special Mode None Game No. 497 Rogue 497 Adventurer 0 Explorer 0 Win Type - Total 15 Types 13/0/1/1/0/0/0/0/0/0 Lore% 52 Gallery% 72 Achievement% 71 Wizard Run 0 Options --------- Layout 1 ASCII 0 Keyboard 1 Movement Numpad Keybinds 0 Fullscreen 1 Font 24/Proggy Map View 76x35 Zoom Use 0% Tactical HUD 1 Map Filters NONE Filters NONE Steam 1 RUN: ed878dc4-e963-428f-8396-af02e702f835